 Dungeon Crawl Stone Soup version 0.23.0 (webtiles) character file.

Game seed: 9532613891384506381

143 Borgoz the Cutter (level 5, -9/33 HPs)
             Began as a Kobold Monk on Feb 16, 2019.
             Killed by divine providence
             ... invoked by an orc priest
              (12 damage)
             ... on level 2 of the Dungeon.
             The game lasted 00:05:45 (2546 turns).

Borgoz the Cutter (Kobold Monk)                     Turns: 2546, Time: 00:05:46

Health: -9/33      AC:  9    Str: 14    XL:     5   Next: 50%
Magic:  5/5        EV: 15    Int: 11    God:
Gold:   140        SH:  0    Dex: 18    Spells: 4/4 levels left

rFire    . . .     SeeInvis .   a - +0 short sword
rCold    . . .     Gourm    .   (shield restricted)
rNeg     . . .     Faith    .   n - +2 ring mail {rPois}
rPois    +         Spirit   .   (no helmet)
rElec    .         Reflect  .   (no cloak)
rCorr    +         Harm     .   q - +0 pair of gloves
MR       .....                  h - +0 pair of boots
Stlth    ++........             (no amulet)
HPRegen  0.11/turn              d - ring of resist corrosion
MPRegen  0.09/turn              (no ring)

@: mighty, flying
A: small, carnivore
a: no special abilities


You were on level 2 of the Dungeon.
You were very full.

You visited 1 branch of the dungeon, and saw 4 of its levels.

You collected 140 gold pieces.

Inventory:

Hand Weapons
 a - a +0 short sword (weapon)
 f - a +0 blowgun
Missiles
 r - 41 poisoned needles
 t - 7 curare-tipped needles
Armour
 b - a +0 robe
 h - a +0 pair of boots (worn)
 n - a +2 ring mail of poison resistance (worn)
 q - a +0 pair of gloves (worn)
 s - a +1 ring mail of cold resistance
Jewellery
 d - a ring of resist corrosion (left hand)
Scrolls
 e - 2 scrolls of teleportation
 g - a scroll of fog
 i - a scroll of remove curse
 j - a scroll of blinking {unknown}
 k - a scroll of random uselessness {unknown}
 l - a scroll of enchant weapon {unknown}
 m - a scroll of magic mapping {unknown}
 o - a scroll of fear {unknown}
 p - a scroll of amnesia
Potions
 u - a potion of curing {unknown}
 w - 2 potions of lignification
Comestibles
 c - 8 rations


   Skills:
 + Level 3.9 Fighting
 * Level 5.5 Short Blades
 + Level 0.2 Armour
 + Level 4.3 Dodging
 * Level 4.7 Stealth


You had 4 spell levels left.
You didn't know any spells.
Your spell library was empty.

Dungeon Overview and Level Annotations

Branches:
Dungeon (4/15)
 Temple: D:4-7

Altars:

Annotations:
D:4 Grinder


Innate Abilities, Weirdness & Mutations

You are small and have problems with some larger weapons.
You are carnivorous and can eat meat at any time.


Message History

The orc priest is heavily wounded.
The orc hits you but does no damage.
Okay, then.
You closely miss the orc priest.
The orc priest is heavily wounded.
The orc priest mumbles some strange prayers to Beogh against you.
Beogh smites you! The orc barely misses you.
The orc priest invokes the aid of Beogh against you.
Beogh smites you!
* * * LOW HITPOINT WARNING * * *
It was a potion of flight.
You feel very buoyant.
You fly up into the air.
The orc priest calls upon Beogh to heal the orc priest.
The orc priest is healed somewhat.
It was a potion of might.
You feel very mighty all of a sudden.
The orc priest calls down the wrath of Beogh upon you.
Beogh smites you!
You die...

..............(.#...##
#######.##########..##
#######.#............#
#.......#.##..#####..#
#.#######.##..#####...
#.#.................#.
#.#.####..###.#######.
#.#.#.oo........#.#...
#...#@##o.###.#.#.#.##
#.....##..#.......#.##
#.##..##......#.#.#.##
#.....#<#.#.........#
####......#.#.#.#.###
####.###...#.#.# #.#
#.#.#.#.#### #
......#.#.....
###.###.######


You could see an orc priest and an orc.

Vanquished Creatures
  A centaur skeleton (D:4)
  Ijyb (D:3)
  Terence (D:3)
  An adder (D:3)
  An ooze (D:1)
  A worm (D:2)
  3 dart slugs
  A leopard gecko (D:3)
  A giant cockroach (D:3)
  5 hobgoblins
  A jackal (D:3)
  12 kobolds
  A ball python (D:2)
  7 bats
  6 frilled lizards
  4 goblins
  3 rats
50 creatures vanquished.

Notes
Turn   | Place    | Note
-------+----------+-------------------------------------------
     0 | D:1      | Borgoz the Kobold Monk began the quest for the Orb.
     0 | D:1      | Reached XP level 1. HP: 14/14 MP: 1/1
    73 | D:1      | Reached XP level 2. HP: 11/19 MP: 2/2
   873 | D:1      | Reached XP level 3. HP: 23/23 MP: 3/3
  1654 | D:3      | Noticed an ogre
  1704 | D:4      | Reached skill level 5 in Short Blades
  1704 | D:4      | Reached XP level 4. HP: 28/29 MP: 4/4
  1742 | D:4      | Noticed Grinder
  1774 | D:3      | Noticed Terence
  1790 | D:3      | Killed Terence
  1947 | D:3      | Reached XP level 5. HP: 33/33 MP: 5/5
  2175 | D:3      | Noticed Ijyb
  2204 | D:3      | Paralysed by Ijyb for 3 turns
  2219 | D:3      | Paralysed by Ijyb for 6 turns
  2278 | D:3      | Killed Ijyb
  2546 | D:2      | Killed from afar by an orc priest

Skill      XL: |  1  2  3 |
---------------+----------+-----
Stealth        | 3 4 |  4.7
Dodging        | 4 |  4.3
Short Blades   | 5 |  5.5
Fighting       | |  3.9
Armour         | |  0.2

Action                   |  1- 3 |  4- 6 || total
-------------------------+-------+-------++-------
Melee: Short sword       |   119 |   161 ||   280
  Use: Scroll            |     3 |     4 ||     7
       Potion            |     1 |     3 ||     4
 Stab: Sleeping          |     5 |     3 ||     8
  Eat: Chunk             |    10 |     3 ||    13
Armor: Robe              |    29 |     3 ||    32
       Skin              |       |    23 ||    23
       Ring mail         |       |    47 ||    47
Dodge: Dodged            |   109 |   113 ||   222
